 Dungeon Crawl Stone Soup version 0.19-a0-1223-gf83d13a (webtiles) character file.

13080 4thArraOfDagon the Basher (level 11, -11/94 HPs)
             Began as a Troll Monk on Aug 24, 2016.
             Was an Elder of Ashenzari.
             Shot with an arrow by Nessos (12 damage)
             ... on level 14 of the Dungeon.
             The game lasted 00:21:22 (3942 turns).

4thArraOfDagon the Basher (Troll Monk)              Turns: 3942, Time: 00:21:23

Health: -11/94     AC:  7    Str: 21    XL:     11   Next: 70%
Magic:  10/10      EV:  9    Int:  7    God:    Ashenzari [****..]
Gold:   66         SH: 20    Dex: 12    Spells: 0 memorised, 10 levels left

rFire  . . .     SeeInvis +     C - +12 morningstar of Salt {holy, rElec rC++ MR+ Int-2}
rCold  + + .     Gourm    +     d - +0 troll leather armour
rNeg   . . .     Faith    .     e - +2 large shield (curse)
rPois  .         Spirit   .     (helmet restricted)
rElec  +         Dismiss  .     (no cloak)
rCorr  +         Reflect  .     (gloves unavailable)
MR     +....     Harm     .     (boots unavailable)
Stlth  +......... Clarity  +    l - amulet of regeneration
                                r - ring of resist corrosion
                                i - ring of flight

@: lethally poisoned (-11 -> -50)
A: unfitting armour, claws 3, yellow scales 1, deformed body, fast metabolism 3,
gourmand, regeneration 2, shaggy fur 1, tough skin 2, wild magic 2
a: Curse Item, Scrying, Renounce Religion, Evoke Flight


You were on level 14 of the Dungeon.
You worshipped Ashenzari.
Ashenzari was greatly pleased with you.
You were very full.

You visited 1 branch of the dungeon, and saw 14 of its levels.
You visited 1 bazaar.

You collected 411 gold pieces.
You spent 345 gold pieces at shops.

Inventory:

Hand Weapons
 C - the +12 morningstar of Salt (weapon) {holy, rElec rC++ MR+ Int-2}
   (You found it on level 8 of the Dungeon)

   It has been blessed by the Shining One to cause great damage to the undead
   and demons.
   It affects your intelligence (-2).
   It greatly protects you from cold.
   It insulates you from electricity.
   It affects your resistance to hostile enchantments.
 G - a +0 blowgun
Missiles
 B - 13 large rocks (quivered)
 F - 6 curare-tipped needles
Armour
 a - a +0 robe
 d - a +0 troll leather armour (worn)
 e - a cursed +2 large shield (worn)
Magical Staves
 h - an uncursed staff of wizardry {!a}
Jewellery
 i - a ring of flight (left claw)
 l - an amulet of regeneration (around neck)
 r - a ring of resist corrosion (right claw)
Wands
 m - a wand of iceblast (6/15)
 A - a wand of slowing (15/48)
 D - a wand of flame (18/48)
 K - a wand of confusion (21/48)
 L - a wand of random effects (30/48)
 N - a wand of lightning (6/15)
 O - a wand of acid (5/15)
Scrolls
 f - a scroll of fog
 g - 2 scrolls of amnesia
 j - a scroll of magic mapping
 p - 2 scrolls of immolation
 t - 5 scrolls of remove curse
 w - 2 scrolls of blinking
 y - a scroll of recharging
 H - a scroll of enchant armour
 I - a scroll of teleportation
Potions
 c - 4 potions of agility
 k - a potion of lignification
 o - a potion of magic {unknown}
 q - a potion of resistance
 s - 3 potions of heal wounds
 v - 2 potions of flight
 z - a potion of cancellation
 E - 2 potions of haste
 J - 2 potions of brilliance {unknown}
 M - a potion of degeneration {unknown}
Comestibles
 b - 3 bread rations
 n - 5 meat rations
 u - 2 slices of pizza
 x - a beef jerky


   Skills:
 - Level 2.4 Fighting
 * Level 12.5 Maces & Flails
 - Level 2.4 Dodging
 - Level 1.1 Stealth
 + Level 9.2(11.4) Shields
 - Level 7.4 Unarmed Combat


You had 10 spell levels left.
You didn't know any spells.

Dungeon Overview and Level Annotations

Branches:
Dungeon (14/15)            Temple (0/1) D:7            Lair (0/6) D:10
 Vaults (0/5) D:13
    Orc: D:9-12

Altars:
Ashenzari
Fedhas
The Shining One

Shops:
D:10 (   D:11 !(   D:12 ?}*

Annotations:
D:9 ORCS
D:14 Nessos


Innate Abilities, Weirdness & Mutations

You are too large for most types of armour.
You have claws for hands.
Your metabolism is lightning-fast.
You like to eat raw meat.
You heal very quickly.
You are covered in fur. (AC +1)
You have very tough skin. (AC +2)
You are partially covered in yellow scales. (AC +2)
Armour fits poorly on your strangely shaped body.
Your spells are harder to cast, but more powerful.


Message History

It stops flaming.
Nessos hits you. You block Nessos's attack.
Unknown command.
You barely miss Nessos.
Nessos is heavily wounded.
You feel sick.
Nessos stands on his hind legs for a moment.
Nessos blinks!
Nessos wields an uncursed longbow of flaming.
It bursts into flame!
Nessos shoots an arrow.
The arrow hits you!! The arrow burns you!
You are more poisoned.
* * * LOW HITPOINT WARNING * * *
Unknown command.
You feel much better.
You feel very sick.
Nessos shoots an arrow.
The arrow hits you!!
* * * LOW HITPOINT WARNING * * *
The arrow burns you!
You are more poisoned.
You die...

, * *##.... , , * *
, *#....# * * ** ,
##....#* , * ,*
#.....# *,, , , ,
##.....### , * * ,,
#........## *, ** ,
##........(## ,, *
*#...........## *, ,
*#.##ยง@..........#
#..............##*,,
##...............
**,
##...=.........## ,
#....(.........# **
**
*#.....(........##
*,
#..####..c.......#
,...# #(.........# ,
..., *#........<.#


You could see Nessos.

Vanquished Creatures
  A rakshasa (D:12)
  2 centaur warriors (D:13)
  Sonja (D:11)
  A hill giant (D:11)
  3 cyclopes
  An ugly thing (D:12)
  A centaur zombie (D:13)
  A komodo dragon (D:13)
  3 trolls
  3 slime creatures (D:13)
  10 yaks
  2 hippogriffs
  3 vampire mosquitoes (D:13)
  A hungry ghost (D:10)
  Grum (D:11)
  A soldier ant (D:13)
  2 wargs (D:10)
  5 orc warriors
  An ice beast (D:9)
  An eye of draining (D:10)
  A phantom (D:10)
  2 black bears
  A necrophage (D:7)
  4 ogres
  4 wolves (D:11)
  A crocodile (D:9)
  7 centaurs
  A big kobold (D:11)
  5 giant frogs
  A wyvern skeleton (D:14)
  A scorpion (D:10)
  3 crimson imps
  4 giant frog zombies
  3 hounds
  5 orc priests
  5 orc wizards
  2 centaur skeletons
  2 jellies (D:9)
  A giant frog skeleton (D:6)
  An iguana (D:11)
  3 worker ants
  5 sheep
  A hound zombie (D:5)
  A worker ant zombie (D:9)
  3 adders
  2 gnolls
  4 shadow imps
  2 worms
  2 giant geckos
  32 orcs
  A bat (D:2)
  4 goblins
  3 hobgoblins
  11 jackals
  6 quokkas
  3 giant newts
  7 kobolds (D:11)
  4 rats
  A bush (Bazaar)
193 creatures vanquished.

Notes
Turn   | Place    | Note
-------+----------+-------------------------------------------
     0 | D:1      | 4thArraOfDagon the Troll Monk began the quest for the Orb.
     0 | D:1      | Reached XP level 1. HP: 22/22 MP: 0/0
   120 | D:2      | Reached XP level 2. HP: 28/29 MP: 1/1
   212 | D:3      | Reached skill level 1 in Shields
   228 | D:3      | Found a shattered altar of Ashenzari.
   232 | D:3      | Became a worshipper of Ashenzari the Shackled
   232 | D:3      | Reached * piety under Ashenzari
   232 | D:3      | Reached ** piety under Ashenzari
   261 | D:3      | Found a blossoming altar of Fedhas.
   272 | D:3      | Reached XP level 3. HP: 36/36 MP: 2/2
   290 | D:3      | Found a glowing golden altar of the Shining One.
   564 | D:4      | Noticed an ice beast
   624 | D:5      | Entered Level 5 of the Dungeon
   728 | D:5      | Reached XP level 4. HP: 42/44 MP: 3/3
   778 | D:5      | Noticed a centaur
   904 | D:6      | Noticed an orc warrior
   970 | D:6      | Noticed a gnoll sergeant
  1115 | D:5      | Reached skill level 5 in Unarmed Combat
  1115 | D:5      | Reached XP level 5. HP: 48/50 MP: 4/4
  1322 | D:7      | Noticed a necrophage
  1338 | D:7      | Killed a necrophage
  1338 | D:7      | Reached XP level 6. HP: 58/58 MP: 5/5
  1369 | D:7      | Noticed a hippogriff
  1382 | D:7      | Killed a hippogriff
  1429 | D:7      | Found a staircase to the Ecumenical Temple.
  1467 | D:6      | Reached XP level 7. HP: 65/65 MP: 6/6
  1550 | D:6      | jacquesderrida: ooooooooo
  1678 | D:8      | 4thArraOfDagon: back to the primitive :D
  1781 | D:8      | Got the morningstar of Salt {holy, rElec rC++ MR+ Int-2}
  1783 | D:8      | Identified the +12 morningstar of Salt {holy, rElec rC++ MR+ Int-2} (You found it on level 8 of the Dungeon)
  1785 | D:8      | 4thArraOfDagon: ;o
  1786 | D:8      | Reached *** piety under Ashenzari
  1816 | D:8      | Reached skill level 1 in Maces & Flails
  1893 | D:9      | Reached skill level 2 in Maces & Flails
  1906 | D:9      | Reached XP level 8. HP: 60/73 MP: 7/7
  1916 | D:9      | Reached skill level 3 in Maces & Flails
  1981 | D:9      | Noticed a troll
  2041 | D:8      | Killed a troll
  2041 | D:8      | Reached skill level 4 in Maces & Flails
  2041 | D:8      | Reached skill level 5 in Shields
  2092 | D:9      | Reached skill level 5 in Maces & Flails
  2122 | D:10     | Entered Level 10 of the Dungeon
  2162 | D:10     | Noticed a troll
  2191 | D:10     | Killed a troll
  2191 | D:10     | Reached skill level 6 in Maces & Flails
  2191 | D:10     | Reached XP level 9. HP: 49/79 MP: 8/8
  2298 | D:10     | Found Qismu's Antique Weapon Emporium.
  2459 | D:10     | Reached skill level 7 in Maces & Flails
  2509 | D:10     | Noticed a troll
  2533 | D:10     | Killed a troll
  2533 | D:10     | Reached skill level 8 in Maces & Flails
  2576 | D:10     | Found a staircase to the Lair.
  2639 | D:9      | jacquesderrida: : D : D : D
  2683 | D:9      | Gained mutation: You heal very quickly. [potion of mutation]
  2683 | D:9      | Gained mutation: Your spells are a little harder to cast, but a little more powerful. [potion of mutation]
  2683 | D:9      | Gained mutation: Your spells are harder to cast, but more powerful. [potion of mutation]
  2728 | D:10     | 4thArraOfDagon: regen beast
  2808 | D:11     | Noticed Grum
  2824 | D:11     | Killed Grum
  2827 | D:11     | Reached XP level 10. HP: 72/87 MP: 9/9
  2838 | D:11     | Reached skill level 9 in Maces & Flails
  2890 | D:11     | Noticed a cyclops
  2906 | D:11     | Killed a cyclops
  2938 | D:11     | Found Tacowkuh's Antique Weapon Emporium.
  3028 | D:11     | Noticed a hill giant
  3034 | D:11     | Killed a hill giant
  3034 | D:11     | Reached skill level 10 in Maces & Flails
  3082 | D:11     | Found Suade's Distillery.
  3084 | D:11     | Noticed Sonja
  3090 | D:11     | Killed Sonja
  3094 | D:11     | Bought a potion of haste for 120 gold pieces
  3094 | D:11     | Bought a potion of agility for 48 gold pieces
  3094 | D:11     | Bought a potion of heal wounds for 60 gold pieces
  3094 | D:11     | Bought a potion of flight for 36 gold pieces
  3106 | D:11     | Reached **** piety under Ashenzari
  3109 | D:11     | Noticed a cyclops
  3130 | D:11     | Killed a cyclops
  3201 | D:12     | Found Muqivuss's Magic Scroll Boutique.
  3212 | D:12     | Bought a scroll of teleportation for 33 gold pieces
  3229 | D:12     | Found a flickering gateway to a bazaar.
  3260 | Bazaar   | Entered a bazaar
  3260 | Bazaar   | Found Gato's Assorted Antiques.
  3260 | Bazaar   | Found Tilamoca's General Store.
  3260 | Bazaar   | Found Dehawania's Gadget Boutique.
  3260 | Bazaar   | Found Rolunaj's Weapon Shop.
  3260 | Bazaar   | Found Wiab's Armour Boutique.
  3288 | Bazaar   | Bought a scroll labeled KISIZX XIFICOI for 24 gold pieces
  3307 | D:12     | Found Ulialuvi's Gadget Boutique.
  3315 | D:12     | Reached skill level 11 in Maces & Flails
  3315 | D:12     | Reached XP level 11. HP: 93/93 MP: 10/10
  3390 | D:12     | Found Qobbata's Assorted Antiques.
  3440 | D:12     | Bought a scroll labeled XILU WELOWEI for 24 gold pieces
  3457 | D:12     | Noticed a white ugly thing
  3466 | D:12     | Killed a white ugly thing
  3475 | D:12     | Gained mutation: Your spells are much harder to cast, but much more powerful. [mutagenic meat]
  3478 | D:12     | Lost mutation: Your spells are much harder to cast, but much more powerful. [mutagenic meat]
  3481 | D:12     | Gained mutation: You are partially covered in yellow scales. (AC +2) [mutagenic meat]
  3576 | D:13     | Found a gate to the Vaults.
  3594 | D:13     | Gained mutation: Armour fits poorly on your strangely shaped body. [potion of mutation]
  3611 | D:13     | Noticed a centaur warrior
  3625 | D:13     | Killed a centaur warrior
  3642 | D:13     | Noticed a rakshasa
  3679 | D:12     | Killed a rakshasa
  3725 | D:13     | Noticed a centaur warrior
  3755 | D:13     | Killed a centaur warrior
  3775 | D:13     | Reached skill level 12 in Maces & Flails
  3849 | D:13     | Noticed Nessos
  3942 | D:14     | HP: 1/94 [Nessos/arrow (24)]
  3942 | D:14     | Shot with an arrow by Nessos

Vault maps used:
D:1:      onia_arrival_pentagram, nemelex_diamond_rough_becter
D:2:      uniq_iyjb
D:3:      marbit_many_paths, grunt_temple_overflow_open, minmay_three_crescents,
          uniq_natasha
D:4:      kennysheep_little_box, first_bread, minmay_ruined_shrine
D:5:      kennysheep_boxes
D:6:      serial_corexii_hall, corexii_hall_statues_x, corexii_hall_statues_l,
          serial_bayou_pond_e, kennysheep_generic_room_8
D:7:      grunt_livestock
D:9:      kennysheep_okawaru_gauntlet, david_orc_4, st_stairs_8
D:10:     erik_lair_orcish_takeover, serial_shops, shop,
          corexii_leaking_fountain
D:11:     serial_shops, shop, nicolae_shop_waterfront, uniq_grum, uniq_sonja
D:12:     kennysheep_kobold_lugonu_temple, serial_shops, bzr_entry_water,
          nicolae_shop_waterfront, shop, nicolae_shop_behind_doors
D:13:     uniq_nessos
D:14:     serial_column_ruins, column_ruins_hut, column_ruins_square_small,
          column_ruins_grid_1, column_ruins_open_tiny,
          column_ruins_columns_corner, column_ruins_grid_2, xom_redecorated
Bazaar:   bazaar_minmay_trees

Skill      XL: |  1  2  3  4  5  6  7  8  9 10 11 |
---------------+----------------------------------+-----
Shields        | 1 2 3 4 5 6 8 9 |  9.2
Unarmed Combat | 4 5 6 7 |  7.4
Maces & Flails | 2 6 8 11 12 | 12.5
Fighting       | |  2.4
Dodging        | |  2.4
Stealth        | |  1.1

Action                   |  1- 3 |  4- 6 |  7- 9 | 10-12 || total
-------------------------+-------+-------+-------+-------++-------
Melee: Unarmed           |    97 |    92 |    35 |       ||   224
       Morningstar       |       |       |   186 |   260 ||   446
Throw: Large rock        |       |       |       |     1 ||     1
Invok: Curse Item        |       |     1 |       |       ||     1
Evoke: Wand              |       |       |    10 |    12 ||    22
  Use: Scroll            |     1 |       |    10 |     6 ||    17
       Potion            |       |       |     2 |     4 ||     6
 Stab: Distracted        |       |       |       |     1 ||     1
       Sleeping          |       |       |       |     1 ||     1
  Eat: Chunk             |     7 |    10 |    18 |    16 ||    51
Armor: Robe              |    26 |    11 |    14 |       ||    51
       Skin              |       |       |     2 |       ||     2
       Troll leather arm |       |       |    20 |    52 ||    72
Dodge: Dodged            |    38 |    16 |    31 |    64 ||   149
Block: Large shield      |    44 |    53 |   198 |   302 ||   597
